 Dungeon Crawl Stone Soup version 0.31-a0-188-g5e087ee2ca (webtiles) character file.

Game seed: 6428345814090300760

12978 qw the Markself (level 11, -2/64 HPs)
             Began as a Deep Elf Hunter on June 23, 2023.
             Was a High Priest of Okawaru.
             Constricted to death by a naga (5 damage)
             ... on level 2 of the Lair of Beasts.
             The game lasted 00:02:50 (8091 turns).

qw the Markself (Deep Elf Hunter)                   Turns: 8091, Time: 00:02:50

Health: -2/64      AC: 10    Str: 12    XL:     11   Next: 69%
Magic:  18/20      EV: 18    Int: 15    God:    Okawaru [*****.]
Gold:   282        SH:  0    Dex: 20    Spells: 10/10 levels left

rFire   . . .        a - +4 arbalest of Dicziuvuis {drain, rF- rC++ rN+ SInv}
rCold   + + .        (shield currently unavailable)
rNeg    + . .        l - +3 leather armour {rPois}
rPois   +            (no helmet)
rElec   +            p - +2 cloak
rCorr   .            (no gloves)
SInv    +            (no boots)
Will    +....        h - amulet of faith
Stlth   +++          b - ring of Ecoebregi {Drain rElec Dex+2 Slay+4}
HPRegen 0.30/turn    n - ring of protection from fire
MPRegen 0.17/turn

%: faith
@: heroic, constricted
A: no striking features
a: Renounce Religion, Heroism, Finesse, Duel


You were on level 2 of the Lair of Beasts.
You worshipped Okawaru.
Okawaru was extremely pleased with you.
You visited 3 branches of the dungeon, and saw 12 of its levels.

You collected 557 gold pieces.
You spent 275 gold pieces at shops.


   Skills:
 + Level 5.8(10.8) Fighting
 - Level 18.0(23.0) Ranged Weapons
 - Level 1.1(6.1) Armour
 - Level 9.0(14.0) Dodging
 - Level 1.2(6.2) Stealth
 + Level 9.3 Invocations


You had 10 spell levels left.
You didn't know any spells.
Your spell library was empty.

Inventory:

Hand Weapons
 a - the +4 arbalest of Dicziuvuis (weapon) {drain, rF- rC++ rN+ SInv}
   (You acquired it on level 2 of the Dungeon)

   rF:        It makes you vulnerable to fire.
   rC:        It greatly protects you from cold.
   rN:        It protects you from negative energy.
   SInv:      It lets you see invisible.
Armour
 c - a +3 scale mail
 l - a +3 leather armour of poison resistance (worn)
 p - a +2 cloak (worn)
 s - a +2 scale mail of cold resistance
Jewellery
 b - the ring of Ecoebregi (left hand) {Drain rElec Dex+2 Slay+4}
   (You found it on level 5 of the Dungeon)

   [ring of slaying]

   Dex:       It affects your dexterity (+2).
   Slay:      It affects your accuracy & damage with ranged weapons and melee
   (+4).
   rElec:     It insulates you from electricity.
   Drain:     It drains your maximum health when unequipped.
 h - an amulet of faith (around neck)
 n - a ring of protection from fire (right hand)
 o - a ring of see invisible
 r - a ring of ice
 u - a ring of protection from fire
Wands
 t - a wand of digging (9)
Scrolls
 f - 5 scrolls of identify
 i - a scroll of silence {unknown}
 m - a scroll of brand weapon
Potions
 d - 5 potions of curing
 e - a potion of cancellation
 g - a potion of might
 k - 2 potions of haste

Dungeon Overview and Level Annotations

Branches:
Dungeon (9/15)             Temple (1/1) D:5            Lair (2/5) D:9
  Snake (0/4) Lair:2
  Swamp: Lair:2-3    Shoals: Lair:2-3       Orc: D:9-12

Altars:
Ashenzari
Cheibriados
Dithmenos
Elyvilon
Fedhas
Gozag
Hepliaklqana
Kikubaaqudgha
Makhleb
Nemelex Xobeh
Okawaru
Qazlal
Ru
Sif Muna
Trog
Uskayaw
Vehumet
Wu Jian
Xom
Yredelemnul
Zin
The Shining One

Shops:
D:7 =   D:9 :

Annotations:
D:2 1 runed translucent door, Crazy Yiuf
D:7 2 transporters, qw's ghost, novice NaHu


Message History

The bolt hits the water moccasin!!
The water moccasin is severely wounded.
A killer bee comes into view. x2
The naga spits poison at you. The splash of poison misses you.
A killer bee comes into view.
The killer bee moves out of view.
You shoot a bolt.
The bolt barely misses the steam dragon.
A killer bee comes into view. x3
The steam dragon completely misses you.
The steam dragon claws you but does no damage.
The killer bee moves out of view.
You shoot a bolt. The bolt hits the steam dragon!!
You drain the steam dragon.
The steam dragon is almost dead.
A wyvern comes into view.
The naga barely misses you. The naga grabs you. The naga constricts you.
The steam dragon completely misses you. The steam dragon claws you.
A naga comes into view. It is wielding a +0 halberd.
You shoot a bolt. The bolt hits the naga.
The naga is moderately wounded.
A water moccasin comes into view.
A killer bee comes into view.
The naga closely misses you. The naga constricts you.
An elephant comes into view.
The steam dragon breathes steam at you. The ball of steam hits you.
You shoot a bolt. The bolt hits the naga!
The naga is severely wounded.
You are engulfed in a cloud of scalding steam.
The sentinel's mark upon you fades away.
A killer bee comes into view.
The naga misses you. The naga constricts you.
The steam dragon barely misses you. The steam dragon closely misses you.
A killer bee comes into view.
You shoot a bolt. The bolt barely misses the naga.
The bolt hits the killer bee!!
You kill the killer bee!
Okawaru accepts your kill. The naga closely misses you.
The naga constricts you.
You die...

#######
#.¤¤@D#
#(.%...Nyy#
#...#...#yy.#
...
#.>.#yyyyy. #
#...# y.#l.
..... .## Y
#..... #
######


You could see an elephant, a steam dragon (drained), a wyvern, a naga and 10
killer bees.

Vanquished Creatures
  A hydra (Lair:2)
  A two-headed ogre (D:9)
  2 cane toads (Lair:1)
  A kobold demonologist (D:6)
  2 komodo dragons
  2 tengu conjurers (D:9)
  A rime drake (Lair:2)
  A troll (D:9)
  A hornet (D:8)
  5 blink frogs (Lair:1)
  Sigmund (D:2)
  A wyvern (D:9)
  A basilisk (Lair:1)
  A steam dragon (D:8)
  21 yaks
  A vampire mosquito (D:6)
  2 nagas (Lair:2)
  An acid dragon (D:6)
  3 water moccasins
  An ice beast (D:4)
  Duvessa (D:4)
  A sky beast (D:6)
  3 black bears
  16 wolves
  2 centaurs (D:9)
  A phantom (D:6)
  2 kobold brigands
  6 bullfrogs
  2 scorpions
  7 wights (D:9)
  Dowan (D:4)
  3 killer bees (Lair:2)
  A howler monkey (D:8)
  3 jellies
  2 hounds (D:5)
  2 orc priests
  Ijyb (D:3)
  A sleepcap (D:4)
  2 iguanas
  8 orc wizards
  A gnoll (D:2)
  8 adders
  2 shadow imps
  A white imp (D:6)
  An ufetubus (D:6)
  A worm (D:4)
  2 dart slugs (D:1)
  21 orcs
  11 ball pythons
  6 endoplasms
  A giant cockroach (D:2)
  8 goblins
  8 hobgoblins
  4 jackals (D:4)
  5 quokkas
  6 bats
  2 frilled lizards (D:1)
  19 kobolds
  5 rats
227 creatures vanquished.

Notes
Turn   | Place    | Note
-------+----------+-------------------------------------------
     0 | D:1      | qw the Deep Elf Hunter began the quest for the Orb.
     0 | D:1      | Reached XP level 1. HP: 12/12 MP: 3/3
     0 | D:1      | 0 ||| qw: Version: 0.3-a-9-g12657ce
     0 | D:1      | 0 ||| qw: Game counter: 3085
     0 | D:1      | 0 ||| qw: Always use a shield: true
     0 | D:1      | 0 ||| qw: God list: Okawaru
     0 | D:1      | 0 ||| qw: Allow faded altars: false
     0 | D:1      | 0 ||| qw: Do Orc after D:15 true
     0 | D:1      | 0 ||| qw: Do second Lair branch before Depths: true
     0 | D:1      | 0 ||| qw: Lair rune preference: random
     0 | D:1      | 0 ||| qw: Plans: Normal
     0 | D:1      | 0 ||| PLANNING D:1-11
   100 | D:1      | Reached XP level 2. HP: 16/16 MP: 4/4
   126 | D:1      | Reached skill level 6 in Ranged Weapons
   453 | D:1      | Reached XP level 3. HP: 20/20 MP: 5/5
   668 | D:1      | 668 ||| READING scroll labelled PUEVASY BUNIT.
   669 | D:1      | 669 ||| READING 3 scrolls labelled SUN RAXAMM.
   670 | D:1      | 670 ||| READING scroll labelled FENESTRECSI.
   671 | D:1      | 671 ||| DRINKING 3 smoky silvery potions.
   672 | D:1      | 672 ||| READING 2 scrolls of identify.
   672 | D:1      | 672 ||| IDENTIFYING golden potion
   673 | D:1      | 673 ||| DROPPING scroll of butterflies.
   674 | D:1      | 674 ||| DROPPING 2 potions of attraction.
   824 | D:2      | Found a runed translucent door.
   825 | D:2      | Noticed Crazy Yiuf
   855 | D:2      | Reached skill level 7 in Ranged Weapons
   996 | D:2      | Noticed Sigmund
  1004 | D:2      | HP: 2/20 [Sigmund/+0 scythe (10)]
  1008 | D:2      | Killed Sigmund
  1009 | D:2      | Reached skill level 9 in Ranged Weapons
  1009 | D:2      | Reached XP level 4. HP: 4/25 MP: 6/6
  1009 | D:2      | Reached XP level 5. HP: 5/29 MP: 7/7
  1229 | D:2      | Reached skill level 3 in Dodging
  1241 | D:2      | 1241 ||| FLEEEEING.
  1399 | D:2      | 1399 ||| READING scroll labelled ASINNE NURAE.
  1400 | D:2      | 1400 ||| READING scroll labelled ONWOOF TIKK.
  1417 | D:2      | 1417 ||| READING scroll labelled RETSOEPRIZ.
  1418 | D:2      | 1418 ||| READING scroll labelled ASTINI HIMI.
  1418 | D:2      | Identified a scroll of acquirement
  1418 | D:2      | 1418 ||| ACQUIRING +4 arbalest of Dicziuvuis {drain, rF-
                  | rC++ rN+ SInv}
  1418 | D:2      | Acquired the +4 arbalest of Dicziuvuis {drain, rF- rC++ rN+
                  | SInv}
  1420 | D:2      | 1420 ||| SWAPPING to +4 arbalest of Dicziuvuis {drain, rF-
                  | rC++ rN+ SInv}.
  1421 | D:2      | 1421 ||| DROPPING +1 shortbow of freezing.
  1422 | D:2      | 1422 ||| READING 2 scrolls of identify.
  1422 | D:2      | 1422 ||| IDENTIFYING fizzy green potion
  1469 | D:3      | Reached XP level 6. HP: 35/35 MP: 8/8
  1522 | D:3      | Noticed a +0 hand axe
  1523 | D:3      | Noticed a +0 dagger
  1607 | D:3      | Found a hide-covered altar of Uskayaw.
  1640 | D:3      | 1640 ||| READING scroll labelled XAHUER DIMIXKU.
  1641 | D:3      | 1641 ||| DRINKING 3 sapphire potions.
  1800 | D:3      | Found a blossoming altar of Fedhas.
  1917 | D:3      | Noticed Ijyb
  1920 | D:3      | Killed Ijyb
  2260 | D:3      | 2260 ||| UPGRADING to +0 scale mail.
  2270 | D:3      | 2270 ||| DROPPING +0 leather armour.
  2271 | D:3      | 2271 ||| UPGRADING to +0 ring mail.
  2281 | D:3      | 2281 ||| DROPPING +0 scale mail.
  2282 | D:3      | 2282 ||| UPGRADING to +3 leather armour of poison
                  | resistance.
  2292 | D:3      | 2292 ||| DROPPING +0 ring mail.
  2454 | D:4      | Noticed an ice beast
  2465 | D:4      | Reached skill level 10 in Ranged Weapons
  2477 | D:4      | Killed an ice beast
  2634 | D:4      | Reached XP level 7. HP: 30/40 MP: 9/9
  2681 | D:4      | Noticed Duvessa
  2683 | D:4      | Noticed Dowan
  2686 | D:4      | Killed Duvessa
  2687 | D:4      | Killed Dowan
  2688 | D:4      | Reached skill level 11 in Ranged Weapons
  3090 | D:4      | 3090 ||| READING 2 scrolls labelled HIORHUMALI.
  3091 | D:4      | 3091 ||| READING 2 scrolls of identify.
  3091 | D:4      | 3091 ||| IDENTIFYING lumpy cyan potion
  3092 | D:4      | 3092 ||| DROPPING potion of berserk rage.
  3093 | D:4      | 3093 ||| DROPPING scroll of vulnerability.
  3106 | D:5      | Entered Level 5 of the Dungeon
  3106 | D:5      | Found a snail-covered altar of Cheibriados.
  3109 | D:5      | 3109 ||| STAIRDANCE
  3119 | D:4      | HP: 9/40 [orc/+0 falchion (2)]
  3120 | D:4      | 3120 ||| READING scroll of teleportation.
  3258 | D:5      | You fall into a shaft and drop 1 floor!
  3289 | D:5      | Reached skill level 12 in Ranged Weapons
  3300 | D:5      | Reached XP level 8. HP: 40/45 MP: 10/10
  3342 | D:5      | Found a staircase to the Ecumenical Temple.
  3343 | D:5      | 3343 ||| PLANNING TEMPLE
  3343 | D:5      | 3343 ||| READING 4 scrolls of identify.
  3343 | D:5      | 3343 ||| IDENTIFYING pink potion
  3352 | Temple   | Entered the Ecumenical Temple
  3373 | Temple   | 3373 ||| PLANNING OKAWARU WORSHIP
  3393 | Temple   | Became a worshipper of Warmaster Okawaru
  3394 | Temple   | 3394 ||| PLANNING D:1-11
  3418 | D:5      | Identified the ring of Ecoebregi {Drain rElec Dex+2 Slay+4}
  3449 | D:5      | Reached skill level 3 in Fighting
  3633 | D:5      | 3633 ||| DROPPING amulet of guardian spirit.
  3634 | D:5      | 3634 ||| UPGRADING to ring of Ecoebregi {Drain rElec Dex+2
                  | Slay+4}.
  3839 | D:6      | Noticed a kobold demonologist
  3841 | D:6      | Killed a kobold demonologist
  3842 | D:6      | Reached skill level 13 in Ranged Weapons
  3844 | D:6      | Reached * piety under Okawaru
  3848 | D:6      | 3848 ||| INVOKING Heroism.
  3851 | D:6      | Reached skill level 1 in Invocations
  3994 | D:6      | Reached skill level 14 in Ranged Weapons
  4065 | D:6      | Reached XP level 9. HP: 50/50 MP: 12/12
  4268 | D:6      | 4268 ||| UPGRADING to amulet of faith.
  4273 | D:6      | 4273 ||| READING scroll labelled HAISU SOSKAI.
  4274 | D:6      | 4274 ||| READING 4 scrolls of identify.
  4274 | D:6      | 4274 ||| IDENTIFYING emerald potion
  4275 | D:6      | 4275 ||| DROPPING potion of degeneration.
  4307 | D:7      | Reached skill level 3 in Invocations
  4323 | D:7      | 4323 ||| Stepping ~*~*~tactically~*~*~ (outnumbered).
  4328 | D:7      | 4328 ||| Stepping ~*~*~tactically~*~*~ (outnumbered).
  4329 | D:7      | 4329 ||| Stepping ~*~*~tactically~*~*~ (outnumbered).
  4330 | D:7      | 4330 ||| Stepping ~*~*~tactically~*~*~ (outnumbered).
  4334 | D:7      | Reached skill level 6 in Dodging
  4340 | D:7      | 4340 ||| INVOKING Heroism.
  4474 | D:7      | Found Osot's Jewellery Shoppe.
  4482 | D:7      | 4482 ||| SHOPLISTING ring "Waepsic" {*Corrode rElec rC+ rN+
                  | Stlth+} (420 gold, have 317).
  4482 | D:7      | 4482 ||| BUYING ring of protection from fire (275 gold).
  4482 | D:7      | Bought a ring of protection from fire for 275 gold pieces
  4482 | D:7      | 4482 ||| SHOPLISTING ring of protection from fire (275
                  | gold, have 42).
  4482 | D:7      | 4482 ||| SHOPLISTING ring of willpower (275 gold, have 42).
  4598 | D:7      | Found a transporter.
  4600 | D:7      | Found a transporter.
  4737 | D:7      | Noticed qw's ghost (novice NaHu)
  4762 | D:7      | 4762 ||| INVOKING Heroism.
  5185 | D:7      | 5185 ||| UPGRADING to ring of protection from fire.
  5186 | D:7      | 5186 ||| READING scroll labelled KABLOI FAXUKH.
  5187 | D:7      | 5187 ||| DRINKING 3 red potions.
  5441 | D:8      | 5441 ||| INVOKING Heroism.
  5444 | D:8      | 5444 ||| Stepping ~*~*~tactically~*~*~ (cloud).
  5509 | D:8      | Reached ** piety under Okawaru
  5510 | D:8      | Reached skill level 15 in Ranged Weapons
  5697 | D:8      | 5697 ||| INVOKING Heroism.
  5904 | D:8      | 5904 ||| DROPPING ring of flight.
  5933 | D:9      | Noticed a two-headed ogre
  5934 | D:9      | 5934 ||| INVOKING Heroism.
  5938 | D:9      | Killed a two-headed ogre
  6011 | D:9      | Reached *** piety under Okawaru
  6012 | D:9      | Reached XP level 10. HP: 47/59 MP: 15/15
  6068 | D:9      | Found a staircase to the Lair.
  6169 | D:9      | Reached skill level 16 in Ranged Weapons
  6194 | D:9      | Found Neenuh's Book Emporium.
  6201 | D:9      | 6201 ||| INVOKING Heroism.
  6343 | D:9      | 6343 ||| READING scroll labelled VIOFAU YMMU.
  6397 | D:9      | 6397 ||| INVOKING Heroism.
  6473 | D:9      | Reached **** piety under Okawaru
  6477 | D:9      | 6477 ||| INVOKING Heroism.
  6482 | D:9      | Reached skill level 17 in Ranged Weapons
  6856 | D:9      | 6856 ||| PLANNING LAIR
  6856 | D:9      | 6856 ||| READING 5 scrolls of identify.
  6856 | D:9      | 6856 ||| IDENTIFYING smoky ruby potion
  6857 | D:9      | 6857 ||| DROPPING potion of invisibility.
  6902 | Lair:1   | Entered Level 1 of the Lair of Beasts
  6935 | Lair:1   | 6935 ||| DRINKING 2 potions of cancellation.
  7014 | Lair:1   | Reached ***** piety under Okawaru
  7128 | Lair:1   | Noticed a cane toad
  7129 | Lair:1   | 7129 ||| INVOKING Heroism.
  7131 | Lair:1   | Killed a cane toad
  7132 | Lair:1   | Reached skill level 6 in Invocations
  7148 | Lair:1   | Reached XP level 11. HP: 31/64 MP: 17/17
  7411 | Lair:1   | 7411 ||| INVOKING Heroism.
  7657 | Lair:1   | 7657 ||| INVOKING Heroism.
  7775 | Lair:1   | 7775 ||| INVOKING Heroism.
  7807 | Lair:1   | 7807 ||| UPGRADING to +0 cloak.
  7812 | Lair:1   | 7812 ||| READING 2 scrolls of enchant armour.
  7812 | Lair:1   | 7812 ||| ENCHANTING +0 cloak.
  7813 | Lair:1   | 7813 ||| READING scroll of enchant armour.
  7813 | Lair:1   | 7813 ||| ENCHANTING +1 cloak.
  7814 | Lair:1   | 7814 ||| DROPPING +6 ring of intelligence.
  7827 | Lair:2   | 7827 ||| INVOKING Heroism.
  7840 | Lair:2   | 7840 ||| STAIRDANCE
  7840 | Lair:2   | HP: 16/64 [yak (11)]
  7842 | Lair:1   | 7842 ||| READING 2 scrolls of teleportation.
  7843 | Lair:1   | 7843 ||| DRINKING 3 potions of heal wounds.
  7845 | Lair:1   | Identified the +0 robe of Disappointment {rPois rF- rC+}
                  | (Okawaru gifted it to you on level 1 of the Lair of Beasts)
  7845 | Lair:1   | Received a gift from Okawaru
  7846 | Lair:1   | Reached skill level 1 in Armour
  7965 | Lair:1   | 7965 ||| DROPPING +0 robe of Disappointment {rPois rF-
                  | rC+}.
  8033 | Lair:2   | Noticed a four-headed hydra
  8034 | Lair:2   | 8034 ||| INVOKING Heroism.
  8037 | Lair:2   | Reached skill level 18 in Ranged Weapons
  8045 | Lair:2   | Killed a four-headed hydra
  8059 | Lair:2   | Reached skill level 9 in Dodging
  8060 | Lair:2   | Reached skill level 9 in Invocations
  8068 | Lair:2   | HP: 7/64 [wyvern (11)]
  8069 | Lair:2   | 8069 ||| READING scroll of teleportation.
  8070 | Lair:2   | 8070 ||| DRINKING 2 potions of heal wounds.
  8071 | Lair:2   | 8071 ||| DRINKING potion of heal wounds.
  8072 | Lair:2   | Found a staircase to the Snake Pit.
  8083 | Lair:2   | 8083 ||| INVOKING Heroism.
  8089 | Lair:2   | HP: 15/64 [constriction (3)]
  8090 | Lair:2   | HP: 7/64 [steam dragon] (2)]
  8090 | Lair:2   | HP: 3/64 [constriction (4)]
  8091 | Lair:2   | Constricted to death by a naga

Levels and vault maps discovered:
D:1:      psy_arrival_statuary, layout_loops_ring,
          wander_ebering_terrifying_dragon_lair
D:2:      minmay_chambers_of_twos, layout_rooms, uniq_crazy_yiuf_cottage,
          uniq_sigmund
D:3:      layout_loops_cross, dancing_weapons_uskayaw, fedhas_altar_1,
          serial_rivers, chequers_serial_rivers_room_b,
          chequers_serial_rivers_small_a, chequers_serial_rivers_large_b,
          chequers_serial_rivers_micro_e, chequers_serial_rivers_micro_e,
          nicolae_concentric_dashed_squares_mild, uniq_ijyb
D:4:      minmay_chambers_of_fours, layout_loops_cross, uniq_duvessa
D:5:      layout_basic, overflow_temple_1_default,
          minmay_temple_entry_antechambers
D:6:      minmay_cornered_nines, layout_loops_cross
D:7:      layout_basic, serial_shops, shop, gammafunk_ghost_hive
D:8:      layout_basic
D:9:      layout_roguey, lair_entry_dummy, serial_shops,
          nicolae_book_shop_shelving
Temple:   hellmonk_temple_of_storms
Lair:1:   layout_regular_city
Lair:2:   regret_index_bee_streams, layout_chaotic_city,
          minmay_shoals_entry_hut, minmay_snake_entry_guardpost_medium

Skill      XL: |  1  2  3  4  5  6  7  8  9 10 11 |
---------------+----------------------------------+-----
Ranged Weapons | 6 9 10 12 14 15 17 18 | 18.0
Dodging        | 3 4 5 7 8 9 |  9.0
Fighting       | 2 3 5 |  5.8
Invocations    | 2 4 6 9 |  9.3
Armour         | 1 |  1.1
Stealth        | |  1.2

Action                     |  1- 3 |  4- 6 |  7- 9 | 10-12 || total
---------------------------+-------+-------+-------+-------++-------
   Fire: Shortbow          |   106 |    18 |       |       ||   124
         Arbalest          |       |    61 |   160 |   191 ||   412
 Invoke: Heroism           |       |       |     6 |    10 ||    16
    Use: Scroll            |     4 |     6 |     7 |     6 ||    23
         Potion            |     1 |     1 |     1 |     4 ||     7
 Armour: Leather armour    |    10 |     5 |    25 |    26 ||    66
  Dodge: Dodged            |    12 |     9 |    65 |   153 ||   239

Table legend:
 A = Non-vault XP
 B = Vault XP
 C = Vault XP percentage of total XP
 D = Non-vault monster count
 E = Vault monster count
 F = Vault count percentage of total count
                 A         B        C        D         E       F
            +---------+---------+-------+---------+---------+-------
      Total |   16570 |    2032 |  10.9 |     199 |      28 |  12.3
            +---------+---------+-------+---------+---------+-------
        D:1 |      41 |       1 |   2.4 |      23 |       1 |   4.2
        D:2 |      55 |     268 |  83.0 |      13 |       9 |  40.9
        D:3 |      54 |      38 |  41.3 |      19 |       1 |   5.0
        D:4 |     352 |     398 |  53.1 |      21 |       8 |  27.6
        D:5 |     388 |       0 |   0.0 |       6 |       0 |   0.0
        D:6 |     636 |     709 |  52.7 |      12 |       3 |  20.0
        D:7 |     540 |       0 |   0.0 |      17 |       0 |   0.0
        D:8 |     719 |       0 |   0.0 |      13 |       0 |   0.0
        D:9 |    5067 |       0 |   0.0 |      34 |       0 |   0.0
     Lair:1 |    4407 |       0 |   0.0 |      19 |       0 |   0.0
     Lair:2 |    4311 |     618 |  12.5 |      22 |       6 |  21.4
            +---------+---------+-------+---------+---------+-------
